 Dungeon Crawl Stone Soup version 0.24.0-13-gcf9b319 (webtiles) character file.

Game seed: 4447360846125003203, levelgen mode: deterministic

1542 Bronimir the Covert (level 8, -2/43 HPs)
             Began as a Vampire Enchanter on Mar 11, 2020.
             Was a Follower of Dithmenos.
             Slain by an adder (4 damage)
             ... on level 6 of the Dungeon.
             The game lasted 00:17:15 (5738 turns).

Bronimir the Covert (Vampire Enchanter)             Turns: 5738, Time: 00:17:16

Health: -2/43      AC: 10    Str:  8      XL:     8   Next: 56%
Magic:  15/21      EV: 13    Int: 16 (18) God:    Dithmenos [*.....]
Gold:   273        SH:  0    Dex: 11      Spells: 2/13 levels left

rFire    . . .     SeeInvis +   a - +1 dagger (flame)
rCold    + + .     Gourm    .   (no shield)
rNeg     + + +     Faith    .   e - +3 leather armour {rN+}
rPois    ∞         Spirit   .   y - +0 helmet
rElec    +         Reflect  .   o - +0 cloak
rCorr    .         Harm     .   (no gloves)
MR       +....                  I - +1 pair of boots of Impressiveness {+Inv rElec Dex-4 SInv}
Stlth    +++++++...             (no amulet)
HPRegen  0.00/turn              A - ring of protection from magic
MPRegen  0.17/turn              t - ring of magical power (curse)

@: bloodless, regenerating quickly, wreathed by umbra
A: no food, fangs 3, see invisible, unbreathing
a: Bat Form, Revivify, Renounce Religion, Evoke Invisibility


You were on level 6 of the Dungeon.
You worshipped Dithmenos.
Dithmenos was aware of your devotion.
You were bloodless.

You visited 1 branch of the dungeon, and saw 6 of its levels.

You collected 273 gold pieces.

Inventory:

Hand Weapons
 a - a +1 dagger of flaming (weapon)
 b - a +0 shortbow
 i - a +0 hunting sling
 k - a +2 short sword of venom
 n - a +4 quarterstaff of chaos
 q - a +0 dagger of venom
 u - a +1 dagger
Missiles
 d - 50 bolts
 r - 152 stones
 s - 25 sling bullets
 w - 55 arrows
 E - 9 poisoned darts (quivered)
Armour
 e - a +3 leather armour of positive energy (worn)
 o - a +0 cloak (worn)
 y - a +0 helmet (worn)
 H - the -2 pair of gloves of Salvation {rN+++ Int+2}
   (You found it on level 5 of the Dungeon)

   It affects your intelligence (+2).
   It renders you almost immune to negative energy.
 I - the +1 pair of boots of Impressiveness (worn) {+Inv rElec Dex-4 SInv}
   (You found it on level 5 of the Dungeon)

   It affects your dexterity (-4).
   It insulates you from electricity.
   It lets you see invisible.
   It lets you turn invisible.
Jewellery
 t - a cursed ring of magical power (right hand)
 A - a ring of protection from magic (left hand)
Wands
 m - a wand of polymorph (8)
 D - a wand of random effects (20)
Scrolls
 c - 2 scrolls of magic mapping
 f - a scroll of amnesia
 l - a scroll of identify
 p - a scroll of remove curse
 B - a scroll of immolation
Potions
 g - a potion of might


   Skills:
 + Level 1.3 Fighting
 * Level 5.1 Short Blades
 * Level 1.6 Armour
 + Level 4.8 Dodging
 + Level 9.7 Stealth
 + Level 3.2 Spellcasting
 + Level 0.1 Conjurations
 * Level 6.5 Hexes
 * Level 3.3 Necromancy
 - Level 0.4 Ice Magic
 * Level 1.6 Invocations


You had 2 spell levels left.
You knew the following spells:

 Your Spells              Type           Power        Failure   Level  Hunger
a - Corona                Hex            ###....      1%          1    N/A
b - Ensorcelled Hibernat  Hex/Ice        ##....       10%         2    N/A
c - Confuse               Hex            ###.....     5%          3    N/A
d - Dazzling Spray        Conj/Hex       ##....       21%         3    N/A
e - Animate Skeleton      Necr           N/A          7%          1    N/A
f - Pain                  Necr           ##..         7%          1    N/A

Your spell library contained the following spells:

 Spells                   Type           Power        Failure   Level  Hunger
 Tukima's Dance           Hex            ###.....     5%          3    N/A
 Vampiric Draining        Necr           ##........   21%         3    N/A
 Regeneration             Chrm/Necr      #.........   36%         3    N/A
 Animate Dead             Necr           N/A          54%         4    N/A

Dungeon Overview and Level Annotations

Branches:
Dungeon (6/15)             Temple (0/1) D:5

Altars:
Ashenzari
Cheibriados
Dithmenos
Okawaru
Sif Muna
Wu Jian
Yredelemnul

Annotations:
D:4 2 transporters, Sinoran's ghost, amateur GrFi


Innate Abilities, Weirdness & Mutations

You do not eat.
You do not regenerate when monsters are visible.
You are frail without blood (-20% HP).
You can heal yourself when you bite living creatures.
You are immune to poison.
You have razor-sharp teeth.
You have supernaturally acute eyesight. (SInv)
You can survive without breathing.


Message History

The helpless bullfrog fails to defend itself.
You bite the bullfrog, and draw its blood!
You feel better.
You perforate the bullfrog like a sieve!!!
You burn the bullfrog!
You kill the bullfrog!
Dithmenos accepts your kill.
You feel your strength returning. The adder completely misses you.
The orc wizard casts a spell.
The orc wizard blinks!
Okay, then.
Okay, then.
The adder barely misses you.
The orc warrior hits you with a +0 short sword!
* * * LOW HITPOINT WARNING * * *
Your magical contamination has completely faded away.
There is an open door here.
The adder bites you.
You die...

#.....g............^.##
#....................#
#............^.......#
#########+#..o.....^......^..^.#
....).........###..^....^......#
..............#..g..^)^.^......#
^.............#...........^...##
............gg#....^..^....^.^#
#####+#.....goo.@.....^.......#
#.......#S####..........#
##+####.g....###....#####
#......# ###### #......#
+......# #......# ########


You could see an orc warrior, a gnoll sergeant, an orc wizard, 4 gnolls and an
adder.

Vanquished Creatures
  Eustachio (D:5)
  Sigmund (D:5)
  An ice beast (D:5)
  An ogre (D:5)
  2 centaurs
  A bullfrog (D:6)
  2 howler monkeys
  An electric eel (D:6)
  A crimson imp (D:6)
  An orc priest (D:4)
  2 hounds (D:4)
  3 orc wizards
  Crazy Yiuf (D:2)
  Ijyb (D:5)
  Natasha (D:2)
  2 iguanas
  5 worker ants
  A hound zombie (D:6)
  A hound skeleton (D:5)
  4 gnolls
  7 adders
  A shadow imp (D:5)
  An adder skeleton (D:4)
  6 worms
  A dart slug (D:1)
  6 leopard geckos
  10 orcs
  5 giant cockroaches
  16 goblins
  14 hobgoblins
  3 quokkas
  2 ball pythons
  A ball python zombie (D:5)
  7 bats
  2 frilled lizards (D:1)
  9 kobolds
  10 rats
  A spectral orc (D:3)
135 creatures vanquished.

Vanquished Creatures (others)
  Robin (D:2)
  4 plants (D:2)
5 creatures vanquished.

Grand Total: 140 creatures vanquished

Notes
Turn   | Place    | Note
-------+----------+-------------------------------------------
     0 | D:1      | Bronimir the Vampire Enchanter began the quest for the Orb.
     0 | D:1      | Reached XP level 1. HP: 13/13 MP: 3/3
   146 | D:1      | Reached XP level 2. HP: 15/15 MP: 5/5
   337 | D:1      | Reached skill level 5 in Stealth
   570 | D:1      | Learned a level 2 spell: Ensorcelled Hibernation
   850 | D:2      | Killed Robin
   878 | D:2      | Reached XP level 3. HP: 19/19 MP: 6/6
  1009 | D:2      | Found a runed translucent door.
  1014 | D:2      | Learned a level 3 spell: Confuse
  1014 | D:2      | Noticed Crazy Yiuf
  1040 | D:2      | Killed Crazy Yiuf
  1321 | D:2      | Reached XP level 4. HP: 6/24 MP: 0/7
  1611 | D:2      | Reached skill level 6 in Stealth
  2680 | D:2      | Reached XP level 5. HP: 6/28 MP: 1/8
  3143 | D:3      | Noticed Natasha
  3170 | D:3      | HP: 1/28 [adder (4)]
  3186 | D:2      | Killed Natasha
  3186 | D:2      | Reached skill level 7 in Stealth
  3387 | D:3      | Learned a level 1 spell: Pain
  3389 | D:3      | Learned a level 1 spell: Animate Skeleton
  3413 | D:3      | Reached skill level 5 in Hexes
  3506 | D:3      | Reached XP level 6. HP: 19/32 MP: 4/9
  3646 | D:3      | Found a basalt altar of Yredelemnul.
  3719 | D:4      | Noticed Sinoran's ghost (amateur GrFi)
  3721 | D:4      | Identified the +6 great mace of the Dark Horse {speed,
                  | Int+3}
  3722 | D:4      | Found a transporter.
  3722 | D:4      | Found a transporter.
  3810 | D:4      | Found a shadowy altar of Dithmenos.
  3885 | D:4      | Became a worshipper of Dithmenos the Shadowed
  3985 | D:4      | Reached skill level 8 in Stealth
  4509 | D:4      | Reached skill level 1 in Necromancy
  4640 | D:4      | Found a snail-covered altar of Cheibriados.
  4641 | D:4      | Found an iron altar of Okawaru.
  4689 | D:5      | Entered Level 5 of the Dungeon
  4714 | D:5      | Reached XP level 7. HP: 32/37 MP: 10/10
  4850 | D:5      | Found a staircase to the Ecumenical Temple.
  4871 | D:5      | Reached skill level 9 in Stealth
  4885 | D:5      | Noticed Sigmund
  4890 | D:5      | Killed Sigmund
  4890 | D:5      | Reached skill level 1 in Fighting
  4942 | D:5      | Got a pair of slimy gloves
  4948 | D:5      | Identified the cursed -2 pair of gloves of Salvation {rN+++
                  | Int+2} (You found it on level 5 of the Dungeon)
  4956 | D:5      | Got a pair of ancient boots
  4967 | D:5      | Identified the +1 pair of boots of Impressiveness {+Inv
                  | rElec Dex-4 SInv} (You found it on level 5 of the Dungeon)
  5041 | D:5      | Found an ornate altar of the Wu Jian Council.
  5103 | D:5      | Found a shimmering blue altar of Sif Muna.
  5104 | D:5      | Noticed Ijyb
  5105 | D:5      | Killed Ijyb
  5124 | D:5      | Reached * piety under Dithmenos
  5258 | D:5      | Reached XP level 8. HP: 22/43 MP: 1/12
  5297 | D:5      | Noticed Eustachio
  5304 | D:5      | Killed Eustachio
  5304 | D:5      | Reached skill level 1 in Armour
  5304 | D:5      | Reached skill level 1 in Invocations
  5327 | D:5      | Learned a level 3 spell: Dazzling Spray
  5560 | D:5      | Found a shattered altar of Ashenzari.
  5661 | D:6      | Reached skill level 5 in Short Blades
  5737 | D:6      | HP: 2/43 [orc warrior/+0 short sword (14)]
  5738 | D:6      | Slain by an adder

Levels and vault maps discovered:
D:1:      tarquinn_simple_flora_water_d, layout_basic
D:2:      layout_loops_ring, lexackson_kobold_supper, uniq_crazy_yiuf_cottage,
          uniq_robin
D:3:      layout_rooms, yredelemnul_forgotten_temple_becter, uniq_natasha
D:4:      layout_basic, kennysheep_little_box, gammafunk_temple_overflow_pools,
          first_ration, gammafunk_ghost_smash
D:5:      layout_cave_pools, lemuel_crystal_altar, kennysheep_mini,
          led_sif_book, minmay_temple_entry_mini_moons, uniq_eustachio,
          uniq_ijyb, uniq_blork_the_orc, uniq_sigmund
D:6:      cheibrodos_helix_gallery, layout_gridville, minmay_holes

Skill      XL: |  1  2  3  4  5  6  7  8 |
---------------+-------------------------+-----
Stealth        | 5 6 7 8 9 |  9.7
Short Blades   | 2 3 4 5 |  5.1
Dodging        | 3 4 |  4.8
Hexes          | 5 6 |  6.5
Necromancy     | 1 2 3 |  3.3
Fighting       | 1 |  1.3
Armour         | 1 |  1.6
Invocations    | 1 |  1.6
Spellcasting   | 3 |  3.2
Conjurations   | |  0.1
Ice Magic      | |  0.4

Action                   |  1- 3 |  4- 6 |  7- 9 || total
-------------------------+-------+-------+-------++-------
Melee: Dagger            |    57 |   114 |    51 ||   222
       Bite              |     4 |    10 |     4 ||    18
       Short sword       |    26 |    69 |       ||    95
 Cast: Corona            |     2 |       |       ||     2
       Ensorcelled Hiber |     8 |    30 |    19 ||    57
       Confuse           |     1 |     2 |     2 ||     5
       Pain              |       |       |    12 ||    12
 Abil: Exsanguinate      |     1 |       |       ||     1
  Use: Scroll            |       |     6 |     3 ||     9
       Potion            |       |     3 |     6 ||     9
 Stab: Sleeping          |    19 |    38 |    14 ||    71
       Distracted        |     1 |     1 |       ||     2
       Confused          |       |     1 |     1 ||     2
Armor: Robe              |    29 |    22 |       ||    51
       Ring mail         |       |    16 |    14 ||    30
       Leather armour    |       |       |     7 ||     7
Dodge: Dodged            |    60 |   126 |    58 ||   244
